 Dungeon Crawl Stone Soup version 0.19-a0-1740-g0bcaf2e (webtiles) character file.

522 hairmachine the Basher (level 7, -2/52 HPs)
             Began as a Minotaur Artificer on Oct 1, 2016.
             Slain by an orc warrior
             ... wielding a +0 dire flail
              (15 damage)
             ... on level 4 of the Dungeon.
             The game lasted 00:09:30 (3755 turns).

hairmachine the Basher (Minotaur Artificer)         Turns: 3755, Time: 00:09:31

Health: -2/52      AC:  8    Str: 17    XL:     7   Next: 2%
Magic:  8/8        EV: 11    Int:  8    God:
Gold:   152        SH:  0    Dex: 12    Spells: 0 memorised, 6 levels left

rFire  . . .     SeeInvis .     l - +1 whip
rCold  . . .     Gourm    .     u - +3 ring mail {MR+}
rNeg   . . .     Faith    .     (no shield)
rPois  .         Spirit   .     (helmet restricted)
rElec  .         Dismiss  .     (no cloak)
rCorr  .         Reflect  .     (no gloves)
MR     +....     Harm     .     (no boots)
Stlth  ..........               h - amulet of regeneration
                                v - ring of loudness (curse)
                                s - ring of flight

@: no status effects
A: retaliatory headbutt, horns 2
a: Evoke Flight


You were on level 4 of the Dungeon.
You were hungry.

You visited 1 branch of the dungeon, and saw 4 of its levels.

You collected 152 gold pieces.

Inventory:

Hand Weapons
 l - a +1 whip (weapon)
Armour
 u - a +3 ring mail of magic resistance (worn)
Rods
 n - a -1 rod of clouds (14/14)
   (You found it on level 2 of the Dungeon)
Jewellery
 h - an amulet of regeneration (around neck)
 s - a ring of flight (left hand)
 v - a cursed ring of loudness (right hand)
Wands
 c - a wand of flame (0/48)
 d - a wand of enslavement (15/24)
 e - a wand of random effects (13/48)
Scrolls
 a - a scroll of teleportation
 b - 2 scrolls of enchant armour
 g - 2 scrolls of enchant weapon
 o - 3 scrolls of identify
Potions
 i - a potion of mutation {unknown}
 j - 3 potions of curing
 m - 2 potions of heal wounds {unknown}
 p - 2 potions of flight {unknown}
 q - a potion of resistance {unknown}
Comestibles
 f - 2 bread rations
 k - a meat ration
 r - 2 fruits


   Skills:
 - Level 1.2 Fighting
   Level 3.2 Short Blades
 + Level 8.0 Maces & Flails
 - Level 2.1 Dodging
 - Level 0.7 Stealth
 - Level 2.6 Evocations


You had 6 spell levels left.
You didn't know any spells.

Dungeon Overview and Level Annotations

Branches:
Dungeon (4/15)
 Temple: D:4-7

Altars:
Hepliaklqana
Kikubaaqudgha
Makhleb
Xom

Annotations:
D:4 Xiguana's ghost, amateur FoFi


Innate Abilities, Weirdness & Mutations

You reflexively headbutt those who attack you in melee.
You have a pair of horns on your head.


Message History

The orc is heavily wounded.
Xiguana's ghost whispers, "It is all a dream - a grotesque and foolish dream."
The orc hits you but does no damage.
The orc priest calls down the wrath of Beogh upon you.
Beogh smites you!
You hit the orc but do no damage. You headbutt the orc.
You kill the orc!
Your ring mail prevents you from hitting the orc warrior.
You are feeling hungry.
You barely miss the orc warrior.
The orc warrior hits you but does no damage.
You hit the orc warrior.
The orc warrior is lightly wounded.
The orc warrior hits you with a dire flail!!
The orc priest invokes the aid of Beogh against you.
Beogh smites you!
* * * LOW HITPOINT WARNING * * *
There is a stone staircase leading up here.
The orc warrior hits you with a dire flail!
You die...

........
.....ooW
....=..<
........
........
#######
........
##.....##
..####...
##.......#..#
####
#..@oo.W.).#
#.........##
#........##
##.......#
#......##
##....##
#...## #..##


You could see an orc warrior, an orc priest and Xiguana's ghost.

Vanquished Creatures
  Sigmund (D:3)
  A scorpion (D:4)
  2 orc priests (D:3)
  Terence (D:2)
  2 orc wizards (D:3)
  A worker ant (D:4)
  Robin (D:4)
  3 adders
  3 oozes (D:2)
  2 worms
  2 dart slugs (D:1)
  3 leopard geckos
  9 orcs
  4 bats
  3 giant cockroaches
  12 goblins
  11 hobgoblins
  4 jackals (D:1)
  11 kobolds
  2 quokkas (D:3)
  5 frilled lizards (D:1)
  5 rats
88 creatures vanquished.

Notes
Turn   | Place    | Note
-------+----------+-------------------------------------------
     0 | D:1      | hairmachine the Minotaur Artificer began the quest for the Orb.
     0 | D:1      | Reached XP level 1. HP: 16/16 MP: 1/1
   108 | D:1      | Reached XP level 2. HP: 9/23 MP: 3/3
   674 | D:1      | Reached XP level 3. HP: 27/28 MP: 4/4
   934 | D:1      | Reached skill level 1 in Maces & Flails
  1284 | D:2      | Reached skill level 2 in Maces & Flails
  1404 | D:2      | Found an ancient bone altar of Kikubaaqudgha.
  1462 | D:2      | Reached XP level 4. HP: 35/35 MP: 5/5
  1532 | D:2      | Reached skill level 3 in Maces & Flails
  1962 | D:2      | Found a shimmering altar of Xom.
  1963 | D:2      | Found a hazy altar of Hepliaklqana.
  1963 | D:2      | Noticed a yak
  1966 | D:2      | Noticed a spectral ugly thing
  1966 | D:2      | Noticed a yak
  2077 | D:2      | Noticed Terence
  2092 | D:2      | Killed Terence
  2092 | D:2      | Reached skill level 4 in Maces & Flails
  2404 | D:3      | Noticed Sigmund
  2408 | D:3      | Killed Sigmund
  2408 | D:3      | Reached skill level 6 in Maces & Flails
  2408 | D:3      | Reached XP level 5. HP: 40/40 MP: 6/6
  2408 | D:3      | Reached XP level 6. HP: 47/47 MP: 7/7
  2505 | D:3      | Identified a -1 rod of clouds (14/14) (You found it on level 2 of the Dungeon)
  2760 | D:3      | Found a burning altar of Makhleb.
  2762 | D:3      | Noticed an Executioner
  2816 | D:3      | Reached skill level 7 in Maces & Flails
  2837 | D:3      | Found a faded altar of an unknown god.
  3072 | D:4      | Noticed Robin
  3232 | D:4      | Killed Robin
  3425 | D:4      | Noticed Xiguana's ghost (amateur FoFi)
  3426 | D:4      | Noticed an orc warrior
  3733 | D:4      | Reached skill level 8 in Maces & Flails
  3733 | D:4      | Reached XP level 7. HP: 52/52 MP: 8/8
  3755 | D:4      | Slain by an orc warrior

Vault maps used:
D:1:      minmay_arrival_stair_chambers
D:2:      regret_index_temple_of_mockery, lemuel_crystal_altar,
          kennysheep_doodads, lexackson_kobold_supper, uniq_terence
D:3:      ecumenical_altar_1, makhleb_altar_promises_db, uniq_sigmund
D:4:      uniq_menkaure, uniq_robin

Skill      XL: |  1  2  3  4  5  6 |
---------------+-------------------+-----
Short Blades   | 2 3 |  3.2
Maces & Flails | 2 6 8 |  8.0
Fighting       | |  1.2
Dodging        | |  2.1
Stealth        | |  0.7
Evocations     | |  2.6

Action                   |  1- 3 |  4- 6 |  7- 9 || total
-------------------------+-------+-------+-------++-------
Melee: Short sword       |    24 |       |       ||    24
       Headbutt          |    15 |    40 |     1 ||    56
       Whip              |    58 |   145 |     5 ||   208
Evoke: Wand              |     5 |    12 |       ||    17
       Rod               |       |     3 |       ||     3
  Use: Scroll            |       |     3 |       ||     3
  Eat: Chunk             |     2 |     8 |       ||    10
Armor: Leather armour    |    13 |       |       ||    13
       Ring mail         |    22 |    53 |     2 ||    77
Dodge: Dodged            |    55 |    61 |       ||   116
